 Dungeon Crawl Stone Soup version 0.14-a0-1192-g192f278 (webtiles) character file.

142 Psiweapon the Insei (level 4, -1/34 HPs)
             Began as a Demonspawn Monk on Dec 1, 2013.
             Was a Believer of Cheibriados.
             Slain by a green rat (9 damage)
             ... on Level 3 of the Dungeon.
             The game lasted 00:04:15 (1461 turns).

Psiweapon the Insei (Demonspawn Monk)               Turns: 1461, Time: 00:04:16

HP  -1/34        AC  3     Str 17      XL: 4   Next: 17%
MP   3/3         EV 14     Int 17      God: Cheibriados [**....]
Gold 63          SH  0     Dex 20      Spells:  0 memorised,  3 levels left

rFire  . . .     SeeInvis .       - Unarmed
rCold  . . .     Clarity  .     a - +0 robe
rNeg   . . .     Conserve .     (no shield)
rPois  .         rCorr    .     (helmet restricted)
rElec  .         rRot     .     (no cloak)
SustAb . .       Spirit   .     (no gloves)
rMut   .         Warding  .     i - +0 pair of boots
Saprov . . .     Stasis   .     (no amulet)
                                (no ring)
                                (no ring)

@: very slow, slightly resistant to hostile enchantments, stealthy
A: antennae 1
a: Bend Time, Renounce Religion


You were on level 3 of the Dungeon.
You worshipped Cheibriados.
Cheibriados was pleased with you.
You were hungry.

You visited 1 branch of the dungeon, and saw 3 of its levels.

You collected 63 gold pieces.

Inventory:

Hand weapons
 j - a +0,+2 whip of electrocution
Armour
 a - a +0 robe (worn)
 d - a +0 leather armour
 i - a +0 pair of boots (worn)
Comestibles
 b - 2 bread rations
 f - a meat ration
 g - 12 sultanas
 o - a rotting chunk of adder flesh
Scrolls
 c - 4 scrolls of remove curse {unknown}
 h - a scroll of identify {unknown}
 l - a scroll of recharging {unknown}
 m - 2 scrolls of enchant weapon I {unknown}
 n - a scroll of curse weapon {unknown}
Potions
 k - a potion of curing {unknown}
 p - a potion of resistance {unknown}


   Skills:
 + Level 3.6 Fighting
 + Level 3.2 Dodging
 + Level 2.4 Stealth
 + Level 4.1 Unarmed Combat


You had 3 spell levels left.
You didn't know any spells.

Dungeon Overview and Level Annotations

Branches:
Dungeon (3/16)

Altars:
Cheibriados

Portals:
Sewer: D:3


Innate Abilities, Weirdness & Mutations

You have a pair of small antennae on your head.


Message History

The green rat barely misses you. The giant cockroach misses you.
The green rat bites you but does no damage.
The giant cockroach bites you but does no damage.
The giant cockroach bites you but does no damage.
You hit the giant cockroach.
You kill the giant cockroach!
Cheibriados thoroughly appreciates the change of pace.
You barely miss the green rat. Your punch misses the green rat.
The green rat barely misses you.
You hit the green rat.
The green rat is severely wounded.
You closely miss the green rat.
The green rat is severely wounded.
The green rat bites you!
* * * LOW HITPOINT WARNING * * *
You hit the green rat but do no damage.
The green rat is severely wounded.
You hear the brisk rusting of a drain nearby.
The green rat bites you!
You die...

.... ..... ..# #.....
##... #≈≈≈..+# .#..#
#≈≈≈≈..# ##..###≈≈≈≈..#
≈≈....#∩≈≈≈≈.#
##....######.######.#.#
.#............rr@.....#
##........%.!.#########
.......#..%......#
.....###.........#
.....###.........#
##.....#####.......
...........#.......
...........#......
...........#.....


You could see 2 green rats.

Vanquished Creatures
  A green rat (D:3)
  2 adders (D:3)
  2 giant mites (D:3)
  A grey rat (D:3)
  A giant gecko (D:1)
  9 hobgoblins
  5 kobolds
  2 bats (D:1)
  4 giant cockroaches
  2 giant newts (D:3)
  3 goblins
  8 rats
40 creatures vanquished.

Vanquished Creatures (others)
  A bat (D:3)
1 creature vanquished.

Grand Total: 41 creatures vanquished

Notes
Turn   | Place    | Note
--------------------------------------------------------------
     0 | D:1      | Psiweapon, the Demonspawn Monk, began the quest for the Orb.
     0 | D:1      | Reached XP level 1. HP: 16/16 MP: 0/0
   368 | D:1      | Gained mutation: You have a pair of small antennae on your head. [demonic ancestry]
   368 | D:1      | Reached XP level 2. HP: 22/22 MP: 1/1
  1187 | D:3      | Found a snail-covered altar of Cheibriados.
  1197 | D:3      | Became a worshipper of Cheibriados the Contemplative
  1231 | D:3      | Reached XP level 3. HP: 17/28 MP: 2/2
  1302 | D:3      | Reached skill level 4 in Unarmed Combat
  1355 | D:3      | HP: 1/28 [giant mite (5)]
  1415 | D:3      | Found a glowing drain.
  1432 | D:3      | Reached XP level 4. HP: 13/34 MP: 3/3
  1461 | D:3      | Slain by a green rat

Action                   |  1- 3 |  4- 6 || total
-------------------------+-------+-------++-------
Melee: Unarmed           |   154 |    20 ||   174
  Use: Potion            |     1 |     1 ||     2
 Stab: Sleeping          |     3 |       ||     3
